[Event "Titled Tuesday Blitz August 09 Early 2022"]
[White "Bashirli, Saadat"]
[Black "Sarkar, Justin"]
[WhiteFideId "13429990"]
[BlackFideId "2010011"]
[WhiteElo "1173"]
[BlackElo "2076"]
[Result "1-0"]
[Round "07"]
[TimeControl "180+1"]
[Date "2022.08.09"]
[WhiteClock "0:00:58"]
[BlackClock "0:00:00"]

1. d4 Nc6 2. e4 d5 3. e5 f6 4. exf6 exf6 5. Bb5 Bd6 6. Bxc6+ bxc6 7. Nf3 Ne7 8. O-O O-O 9. Re1 Bg4 10. h3 Bh5 11. Nbd2 c5 12. c3 cxd4 13. cxd4 c5 14. dxc5 Bxc5 15. Nb3 Bd6 16. Nbd4 Qd7 17. Be3 Rac8 18. Qb3 Kh8 19. Rad1 Rfd8 20. Qb5 Qxb5 21. Nxb5 Bxf3 22. gxf3 a6 23. Nxd6 Rxd6 24. Bc5 Rxc5 25. Rxe7 h5 26. Rd2 d4 27. Re4 d3 28. Re3 Rc2 29. Rdxd3 Rxd3 30. Rxd3 Rxb2 31. Ra3 Rb6 32. Ra5 h4 33. Kg2 Kg8 34. Ra4 g5 35. f4 Kf7 36. fxg5 fxg5 37. Kf3 Kf6 38. Kg4 Kg6 39. f4 gxf4 40. Rxf4 a5 41. Ra4 Rb5 42. Kxh4 Kf5 43. Rg4 Rb2 44. Rg5+ Kf4 45. Rxa5 1-0


[Site "https://www.chess.com"]

[Event "Titled Tuesday Blitz August 09 Early 2022"]
[White "Begunov, Konstantin"]
[Black "Shapiro, Daniel"]
[WhiteFideId "4118510"]
[BlackFideId "2001780"]
[WhiteElo "2262"]
[BlackElo "2255"]
[Result "1-0"]
[Round "07"]
[TimeControl "180+1"]
[Date "2022.08.09"]
[WhiteClock "0:01:43"]
[BlackClock "0:01:09"]

1. d4 Nf6 2. c4 e6 3. Nf3 d5 4. Nc3 Be7 5. cxd5 exd5 6. Bg5 c6 7. Qc2 g6 8. e3 Bf5 9. Bd3 Bxd3 10. Qxd3 O-O 11. O-O Nbd7 12. Rab1 a5 13. Rfc1 Re8 14. a3 Kg7 15. Na4 b5 16. Nc3 Ne4 17. Bf4 Nb6 18. Nxe4 dxe4 19. Qxe4 Bxa3 20. Qxc6 Rc8 21. Qxb5 Rxc1+ 22. Rxc1 Bb4 23. Bc7 Qd5 24. Qxb6 Qb3 25. Be5+ 1-0


[Site "https://www.chess.com"]

[Event "Titled Tuesday Blitz August 09 Early 2022"]
[White "Blanco Ronquillo, Humberto L."]
[Black "Harsh Suresh"]
[WhiteFideId "3504239"]
[BlackFideId "45018464"]
[WhiteElo "2425"]
[BlackElo "2070"]
[Result "1-0"]
[Round "07"]
[TimeControl "180+1"]
[Date "2022.08.09"]
[WhiteClock "0:01:50"]
[BlackClock "0:01:16"]

1. d4 g6 2. e4 Nf6 3. Bd3 d6 4. h3 Bg7 5. Nf3 O-O 6. O-O a6 7. a4 Nc6 8. Re1 e5 9. c3 h6 10. Be3 Re8 11. Nbd2 Kh7 12. d5 Ne7 13. c4 Nh5 14. c5 Nf4 15. Bf1 f5 16. g3 fxe4 17. Nxe4 Nfxd5 18. cxd6 cxd6 19. Bc1 Rf8 20. Ra3 Be6 21. Nfg5+ hxg5 22. Nxg5+ Kg8 23. Nxe6 Qb6 24. Nxf8 Rxf8 25. Rf3 Rxf3 26. Qxf3 Nf6 27. Bg5 Qc6 28. Qxc6 Nxc6 29. Bxf6 Bxf6 30. Bg2 Kf7 31. Rc1 Na5 32. Bd5+ Ke7 33. b4 Nc6 34. Bxc6 bxc6 35. Rxc6 d5 36. Rxa6 e4 37. Kf1 Bc3 38. b5 d4 39. Rxg6 Kd7 40. Rc6 Bb2 41. a5 Bc3 42. a6 d3 43. Rxc3 d2 44. Ke2 d1=Q+ 45. Kxd1 1-0


[Site "https://www.chess.com"]

[Event "Titled Tuesday Blitz August 09 Early 2022"]
[White "Bosnjak, Petar"]
[Black "Eynullayev, Atilla"]
[WhiteFideId "14532581"]
[BlackFideId "13413570"]
[WhiteElo "2135"]
[BlackElo "1936"]
[Result "1-0"]
[Round "07"]
[TimeControl "180+1"]
[Date "2022.08.09"]
[WhiteClock "0:02:05"]
[BlackClock "0:02:14"]

1. d4 Nf6 2. c4 e6 3. Nf3 d5 4. Nc3 c5 5. cxd5 Nxd5 6. g3 Nc6 7. Bg2 Nxc3 8. bxc3 Be7 9. O-O O-O 10. e4 b6 11. d5 Na5 12. Re1 Bb7 13. Bf4 exd5 14. exd5 Bf6 15. Ne5 Rc8 16. Qg4 Bxd5 17. Rad1 Be6 18. Rxd8 Bxg4 19. Rxf8+ Kxf8 20. Nxg4 Bxc3 21. Bd6+ Kg8 22. Re7 Nc6 23. Bxc6 Rxc6 24. Re8# 1-0


[Site "https://www.chess.com"]

[Event "Titled Tuesday Blitz August 09 Early 2022"]
[White "Butti, Enrique"]
[Black "Orlov, Georgi"]
[WhiteFideId "3700470"]
[BlackFideId "2011271"]
[WhiteElo "2080"]
[BlackElo "2581"]
[Result "0-1"]
[Round "07"]
[TimeControl "180+1"]
[Date "2022.08.09"]
[WhiteClock "0:00:39"]
[BlackClock "0:00:55"]

1. d4 Nf6 2. Nf3 e6 3. e3 c5 4. Bd3 b6 5. O-O Bb7 6. b3 d6 7. Bb2 Nbd7 8. c4 Be7 9. Nc3 O-O 10. Qe2 a6 11. Rad1 Qc7 12. d5 Rfe8 13. e4 exd5 14. cxd5 b5 15. a4 c4 16. bxc4 b4 17. Na2 a5 18. e5 dxe5 19. Bxe5 Nxe5 20. Qxe5 Bd6 21. Qb2 Ng4 22. h3 Ne5 23. Nxe5 Rxe5 24. Qc2 g6 25. f4 Re3 26. f5 Bc5 27. Kh1 Qd6 28. fxg6 hxg6 29. Qb2 Qg3 30. Qf6 Rf8 31. Rf3 Re1+ 32. Rf1 Bd6 0-1


[Site "https://www.chess.com"]

[Event "Titled Tuesday Blitz August 09 Early 2022"]
[White "Chernomordik, Pavel"]
[Black "Martin Alvarez, Inigo"]
[WhiteFideId "2804530"]
[BlackFideId "2259354"]
[WhiteElo "2217"]
[BlackElo "2311"]
[Result "1-0"]
[Round "07"]
[TimeControl "180+1"]
[Date "2022.08.09"]
[WhiteClock "0:01:30"]
[BlackClock "0:01:20"]

1. e4 c5 2. Nc3 Nc6 3. Bb5 e6 4. Bxc6 bxc6 5. e5 Ne7 6. f4 Nd5 7. Nge2 Be7 8. Ne4 O-O 9. c4 Nb4 10. d3 f6 11. a3 Na6 12. O-O Rb8 13. Qc2 Qe8 14. Be3 Qg6 15. N2g3 Nc7 16. f5 exf5 17. Nxf5 Bd8 18. Bxc5 Re8 19. exf6 d5 20. f7+ Qxf7 21. Nh6+ gxh6 22. Rxf7 Kxf7 23. Nd6+ 1-0


[Site "https://www.chess.com"]

[Event "Titled Tuesday Blitz August 09 Early 2022"]
[White "Chigaev, Maksim"]
[Black "Maksimovic, Bojan"]
[WhiteFideId "4108116"]
[BlackFideId "14408120"]
[WhiteElo "2487"]
[BlackElo "2447"]
[Result "1-0"]
[Round "07"]
[TimeControl "180+1"]
[Date "2022.08.09"]
[WhiteClock "0:00:02"]
[BlackClock "0:00:02"]

1. e4 e5 2. Nf3 Nf6 3. Nc3 Nc6 4. Bb5 Bd6 5. d3 h6 6. a3 O-O 7. h3 Ne7 8. Bc4 Ng6 9. g4 c6 10. g5 hxg5 11. Bxg5 Be7 12. Rg1 d5 13. Bb3 Be6 14. Qe2 dxe4 15. dxe4 Bxb3 16. cxb3 Nh5 17. Rd1 Qc7 18. Qc4 Bxg5 19. Rxg5 Nhf4 20. h4 Rad8 21. h5 Rxd1+ 22. Kxd1 Rd8+ 23. Kc2 Nf8 24. Rxe5 Nd3 25. Rd5 Nxf2 26. h6 g6 27. Ng5 Re8 28. Rd2 Ng4 29. Kb1 Ne5 30. Qf1 Nh7 31. Nxh7 Kxh7 32. Qf6 Rg8 33. Rd6 Ng4 34. Qd4 Qe7 35. Ka2 Qe5 36. Qd2 Nf6 37. Rd4 g5 38. Ne2 g4 39. Rd3 Nxe4 40. Qe3 f5 41. Nf4 Qe7 42. Rd4 g3 43. Rd1 Qg5 44. Rd7+ Kxh6 45. Rxb7 Qg4 46. Ng2+ Qg5 47. Nf4 Rd8 48. Rf7 1-0


[Site "https://www.chess.com"]

[Event "Titled Tuesday Blitz August 09 Early 2022"]
[White "Clawitter, Craig"]
[Black "Sawlin, Leonid"]
[WhiteFideId "2023105"]
[BlackFideId "4689542"]
[WhiteElo "2190"]
[BlackElo "2412"]
[Result "0-1"]
[Round "07"]
[TimeControl "180+1"]
[Date "2022.08.09"]
[WhiteClock "0:01:29"]
[BlackClock "0:02:24"]

1. e4 c5 2. Nf3 e6 3. d4 cxd4 4. Nxd4 Nc6 5. Nc3 Nf6 6. Ndb5 Bc5 7. Bf4 O-O 8. Bd6 Bxd6 9. Qxd6 a6 10. Nc7 Ra7 11. e5 Ng4 12. f4 b6 13. Be2 Ne3 14. Kd2 Nf5 0-1


[Site "https://www.chess.com"]

[Event "Titled Tuesday Blitz August 09 Early 2022"]
[White "Csonka, Balazs"]
[Black "Hosseinzadeh, Nima"]
[WhiteFideId "742910"]
[BlackFideId "12505323"]
[WhiteElo "2404"]
[BlackElo "2045"]
[Result "1-0"]
[Round "07"]
[TimeControl "180+1"]
[Date "2022.08.09"]
[WhiteClock "0:00:35"]
[BlackClock "0:00:07"]

1. c4 e5 2. g3 Nf6 3. Bg2 d5 4. cxd5 Nxd5 5. Nc3 Nb6 6. e3 Nc6 7. Nge2 Be7 8. O-O O-O 9. f4 exf4 10. Nxf4 Bf6 11. d4 Re8 12. Kh1 Nc4 13. Nfd5 Bg5 14. Ne4 Bh6 15. Qh5 Be6 16. Ndf6+ Kh8 17. Nxe8 Qxe8 18. d5 g6 19. Qxh6 Bxd5 20. Nf6 1-0


[Site "https://www.chess.com"]

[Event "Titled Tuesday Blitz August 09 Early 2022"]
[White "D`Arruda, Ricardo D."]
[Black "Vakhlamov, Igor L."]
[WhiteFideId "100692"]
[BlackFideId "24126748"]
[WhiteElo "2476"]
[BlackElo "2401"]
[Result "0-1"]
[Round "07"]
[TimeControl "180+1"]
[Date "2022.08.09"]
[WhiteClock "0:00:12"]
[BlackClock "0:01:24"]

1. d4 d5 2. Nf3 Nf6 3. c4 e6 4. Nc3 c5 5. cxd5 cxd4 6. Nxd4 Nxd5 7. Bd2 Bc5 8. e3 O-O 9. Be2 Bxd4 10. exd4 Nc6 11. Nxd5 Qxd5 12. Bc3 Rd8 13. O-O b6 14. Bf3 Qd7 15. Qe2 Bb7 16. Rad1 Ne7 17. Rfe1 Bxf3 18. Qxf3 Nd5 19. Bd2 Rac8 20. Rc1 h6 21. h3 Ne7 22. Bc3 Qd5 23. Qxd5 Nxd5 24. Bd2 Kf8 25. Kf1 Ke7 26. Ke2 Kd7 27. Kd3 Rxc1 28. Rxc1 Rc8 29. Re1 a6 30. g4 b5 31. f4 g6 32. f5 gxf5 33. gxf5 Rg8 34. fxe6+ fxe6 35. Bxh6 Rg3+ 36. Ke4 Rxh3 37. Bc1 Nb4 38. a3 Nd3 39. Rg1 Nf2+ 40. Ke5 Rh5+ 41. Kf6 Rf5+ 42. Kg6 Nd3 43. Rd1 Nxc1 44. Rxc1 Rd5 45. Rd1 Kd6 46. Kf6 Rf5+ 47. Kg6 Kd5 48. Rc1 a5 49. Rc8 Kxd4 50. Rb8 a4 51. Rb6 Kc4 52. Rxe6 Rf3 53. Re4+ Kd5 54. Rb4 Rb3 55. Rxb3 axb3 56. Kf7 Kd4 57. Ke6 Kd3 58. Kd5 Kc2 59. Kc5 Kxb2 0-1


[Site "https://www.chess.com"]

[Event "Titled Tuesday Blitz August 09 Early 2022"]
[White "Dahanayake, Isara Banidu"]
[Black "Vargas, Mauricio"]
[WhiteFideId "9932631"]
[BlackFideId "4404572"]
[WhiteElo "1394"]
[BlackElo "2004"]
[Result "1-0"]
[Round "07"]
[TimeControl "180+1"]
[Date "2022.08.09"]
[WhiteClock "0:00:21"]
[BlackClock "0:00:08"]

1. e4 d5 2. exd5 Qxd5 3. Nc3 Qa5 4. d4 c6 5. Nf3 Nf6 6. Ne5 Bf5 7. Nc4 Qc7 8. Qf3 e6 9. Bf4 Qc8 10. Nd6+ Bxd6 11. Bxd6 Qd7 12. Be5 Qe7 13. Bd3 Bg6 14. h4 Bxd3 15. Qxd3 Nbd7 16. O-O-O Rd8 17. Qg3 O-O 18. Bd6 Qe8 19. Bxf8 Nxf8 20. h5 h6 21. f4 b5 22. Qf3 a5 23. Ne4 Nd5 24. Rh3 b4 25. Rg3 Kh8 26. Qg4 g6 27. Rh1 f5 28. Qh4 fxe4 29. hxg6 Kg7 30. Qxh6+ Kf6 31. g7+ Ke7 32. g8=Q Kd6 33. Qhg7 e3 34. Qe5+ Kd7 35. Rg7+ Kc8 36. Qf7 Qxf7 37. Rxf7 e2 38. Kd2 e1=Q+ 39. Kxe1 Nd7 40. Rxd7 Rxd7 41. Rh8+ Kb7 42. Qb8+ Ka6 43. Qa8+ Ra7 44. Qxc6+ Nb6 45. Rb8 Rb7 46. Qxb7+ Kb5 47. Qxb6+ Kc4 48. b3+ Kc3 49. Qc5+ Kb2 50. Kd2 e5 51. fxe5 a4 52. e6 a3 53. e7 Kxa2 54. e8=Q Kb2 55. Qe1 a2 56. Qc1# 1-0


[Site "https://www.chess.com"]

[Event "Titled Tuesday Blitz August 09 Early 2022"]
[White "Danielyan, Vahe"]
[Black "Makarian, Rudik"]
[WhiteFideId "13304828"]
[BlackFideId "44105681"]
[WhiteElo "2421"]
[BlackElo "2403"]
[Result "0-1"]
[Round "07"]
[TimeControl "180+1"]
[Date "2022.08.09"]
[WhiteClock "0:00:31"]
[BlackClock "0:00:13"]

1. e4 c5 2. Nc3 Nc6 3. Bb5 Nd4 4. Bc4 e6 5. Nge2 Nf6 6. O-O Nc6 7. d3 a6 8. a4 Be7 9. f4 d5 10. Ba2 O-O 11. Ng3 b5 12. e5 Ne8 13. Nh5 g6 14. Ng3 b4 15. Nce2 a5 16. c3 Ba6 17. Kh1 Ng7 18. Bb1 Rb8 19. d4 bxc3 20. bxc3 cxd4 21. cxd4 Bh4 22. Be3 Bxg3 23. hxg3 h5 24. Bf2 Rb2 25. Re1 Qb6 26. Bd3 Bxd3 27. Qxd3 Nf5 28. Kg1 Nb4 29. Qb5 Qxb5 30. axb5 Nd3 31. Red1 Nxf2 32. Kxf2 Rxb5 33. Rdb1 Rfb8 34. Rxb5 Rxb5 35. Ra2 Kg7 36. Ke1 Rb3 37. Kd2 Nxg3 38. Nc3 Ne4+ 39. Nxe4 dxe4 40. Ke2 Rd3 41. Ra4 h4 42. Rxa5 Rxd4 43. Ke3 Rb4 44. Ra1 Kh6 45. Ra7 Rb2 46. Kxe4 Rxg2 47. Rxf7 h3 48. Rf8 Kg7 49. Rd8 h2 50. Rd7+ Kh6 51. Rd8 Kh5 52. Rh8+ Kg4 53. Rh6 Kg3 54. Rxg6+ Kf2 55. Rh6 Kg1 56. f5 Rg4+ 57. Kf3 exf5 58. e6 h1=Q+ 59. Rxh1+ Kxh1 0-1


[Site "https://www.chess.com"]

[Event "Titled Tuesday Blitz August 09 Early 2022"]
[White "Delorme, Axel"]
[Black "Sokolovsky, Yahli"]
[WhiteFideId "632023"]
[BlackFideId "2820242"]
[WhiteElo "2474"]
[BlackElo "1867"]
[Result "0-1"]
[Round "07"]
[TimeControl "180+1"]
[Date "2022.08.09"]
[WhiteClock "0:00:03"]
[BlackClock "0:00:08"]

1. d4 d5 2. Nf3 c6 3. Bf4 Bg4 4. e3 e6 5. c4 Nd7 6. Nc3 f5 7. Qb3 Bxf3 8. gxf3 Qb6 9. c5 Qxb3 10. axb3 a6 11. b4 Rc8 12. h4 h5 13. Bg5 e5 14. f4 exd4 15. exd4 g6 16. Kd2 Bg7 17. Kd3 Nf8 18. Re1+ Kf7 19. Bg2 Ne6 20. Nxd5 Nxd4 21. Nb6 Rc7 22. Re3 Ne6 23. Rhe1 Nxg5 24. fxg5 Ne7 25. Nc4 Nc8 26. Ne5+ Bxe5 27. Rxe5 Rd8+ 28. Kc3 Re7 29. Bf1 Rxe5 30. Rxe5 Ne7 31. Bc4+ Kf8 32. Re1 Rd7 33. Re6 Rd8 34. Rf6+ Ke8 35. Rf7 Rd1 36. Rh7 Rc1+ 37. Kd2 Rh1 38. Rg7 Rxh4 39. Be6 Kd8 40. Rh7 Rd4+ 41. Ke3 Rd1 42. Ke2 Rd4 43. Ke3 Rxb4 44. Rh8+ Kc7 45. Rh7 Re4+ 46. Kf3 Rxe6 47. b4 b6 48. cxb6+ Kxb6 49. b5 axb5 50. Kf4 b4 51. Kg3 b3 52. f4 b2 53. Kh4 b1=Q 54. Rf7 Qh1+ 0-1


[Site "https://www.chess.com"]

[Event "Titled Tuesday Blitz August 09 Early 2022"]
[White "Dev, Shah"]
[Black "Malyi, Viacheslav"]
[WhiteFideId "35019058"]
[BlackFideId "14123983"]
[WhiteElo "2048"]
[BlackElo "2190"]
[Result "1-0"]
[Round "07"]
[TimeControl "180+1"]
[Date "2022.08.09"]
[WhiteClock "0:01:17"]
[BlackClock "0:00:49"]

1. d4 d5 2. c4 e6 3. g3 Nf6 4. Bg2 Be7 5. Nf3 O-O 6. O-O dxc4 7. Qa4 a6 8. Qxc4 b5 9. Qc2 Bb7 10. Bd2 Ra7 11. Rc1 Be4 12. Qb3 Nbd7 13. Nc3 Bb7 14. Be3 Nd5 15. Nxd5 Bxd5 16. Qc3 Qa8 17. b4 Nb6 18. Bf4 Nc4 19. a4 f5 20. axb5 axb5 21. Bxc7 Rc8 22. Rxa7 Qxa7 23. Bf4 Ra8 24. Ne5 Qa3 25. Bxd5 exd5 26. Qd3 g6 27. Rc3 Qxb4 28. Nc6 Ra1+ 29. Kg2 Nb2 30. Nxb4 Nxd3 31. Nxd3 1-0


[Site "https://www.chess.com"]

[Event "Titled Tuesday Blitz August 09 Early 2022"]
[White "Devaev, Alexander"]
[Black "Grot, Blazej"]
[WhiteFideId "4169395"]
[BlackFideId "21835845"]
[WhiteElo "2185"]
[BlackElo "1614"]
[Result "0-1"]
[Round "07"]
[TimeControl "180+1"]
[Date "2022.08.09"]
[WhiteClock "0:00:04"]
[BlackClock "0:00:19"]

1. d4 Nf6 2. c4 e6 3. Nf3 d5 4. Nc3 c6 5. cxd5 exd5 6. Bg5 Be7 7. Bxf6 Bxf6 8. Qc2 O-O 9. e3 g6 10. Bd3 Bg7 11. h4 h5 12. O-O-O b5 13. Kb1 a5 14. Ne2 Qd6 15. Rc1 Bd7 16. Nf4 Na6 17. a3 Nc7 18. Ng5 Ne8 19. f3 Nf6 20. g4 hxg4 21. h5 Bh6 22. Nxf7 Rxf7 23. hxg6 Bxf4 24. gxf7+ Kxf7 25. exf4 gxf3 26. Rce1 Rg8 27. Bf5 Qxf4 28. Bxd7 Rg2 29. Qxc6 Qxd4 30. Qe6+ Kg7 31. Qe7+ Kg6 32. Be8+ Kf5 33. Bd7+ Kg6 34. Be8+ Kf5 35. Qe6+ Kg5 36. Qe5+ Qxe5 37. Rxe5+ Kf4 38. Re6 Kf5 39. Ree1 f2 0-1


[Site "https://www.chess.com"]

[Event "Titled Tuesday Blitz August 09 Early 2022"]
[White "Donchenko, Alexander"]
[Black "Samunenkov, Ihor"]
[WhiteFideId "24603295"]
[BlackFideId "14187086"]
[WhiteElo "2572"]
[BlackElo "2441"]
[Result "1-0"]
[Round "07"]
[TimeControl "180+1"]
[Date "2022.08.09"]
[WhiteClock "0:01:23"]
[BlackClock "0:00:07"]

1. Nf3 Nf6 2. g3 c5 3. Bg2 Nc6 4. c4 d5 5. cxd5 Nxd5 6. O-O e5 7. Nc3 Be6 8. d3 Be7 9. a3 O-O 10. Bd2 a5 11. Rc1 Rc8 12. Re1 f6 13. e3 Qd7 14. d4 cxd4 15. exd4 exd4 16. Nb5 Bf7 17. Nfxd4 Nxd4 18. Nxd4 Rxc1 19. Bxc1 Bc5 20. Nb3 Bb6 21. Be3 Bxe3 22. Rxe3 Rd8 23. Rd3 b6 24. Nd2 Qb5 25. Ne4 Rd7 26. Bh3 Ne3 27. Bxd7 Qe5 28. Rxe3 1-0


[Site "https://www.chess.com"]

[Event "Titled Tuesday Blitz August 09 Early 2022"]
[White "Drozdowski, Kacper"]
[Black "Pranav Anand"]
[WhiteFideId "1136720"]
[BlackFideId "46626786"]
[WhiteElo "2485"]
[BlackElo "2300"]
[Result "1/2-1/2"]
[Round "07"]
[TimeControl "180+1"]
[Date "2022.08.09"]
[WhiteClock "0:00:22"]
[BlackClock "0:00:24"]

1. e4 g6 2. d4 Bg7 3. Nc3 d6 4. Be3 b6 5. f3 Bb7 6. Qd2 e6 7. Bc4 Nd7 8. Nge2 h6 9. a4 a6 10. O-O Ne7 11. Rad1 c6 12. Ba2 d5 13. Ng3 Qc7 14. Nce2 h5 15. Bf4 Qd8 16. h4 Bf6 17. Bg5 Bxg5 18. Qxg5 Ng8 19. Qf4 Qb8 20. c4 Qxf4 21. Nxf4 Ngf6 22. cxd5 cxd5 23. Rfe1 Kd8 24. exd5 exd5 25. Nf1 Kc7 26. Re7 Rhf8 27. Rc1+ Kd6 28. Ree1 Rac8 29. Kf2 b5 30. a5 Nb8 31. Ne3 Ba8 32. Rc3 Rxc3 33. bxc3 Rc8 34. Rc1 Bb7 35. Ke2 Nc6 36. Kd2 Nxa5 37. Nd3 Rc7 38. Nc5 Bc8 39. Ra1 Nc4+ 40. Bxc4 dxc4 41. Ra5 Ra7 42. Ne4+ Nxe4+ 43. fxe4 f6 44. Nc2 Bb7 45. Ke3 Ra8 46. Kf4 Re8 47. d5 Kc5 48. Nd4 Kb6 49. Ra1 a5 50. Rb1 Ba6 51. Ke3 Kc5 52. Ne6+ Kd6 53. Kd4 a4 54. Nc5 Ra8 55. Rf1 Ke7 56. e5 fxe5+ 57. Kxe5 Bc8 58. d6+ Ke8 59. Kd5 a3 60. Ra1 Bd7 61. Ne4 a2 62. Nf6+ Kd8 63. Kc5 Ra6 64. Nd5 Rc6+ 65. Kxb5 Rxd6+ 66. Kc5 Ra6 67. Nb4 Ra3 68. Kd4 Be6 69. Rxa2 Rxa2 70. Nxa2 Ke7 71. Ke5 Bf5 72. Nb4 Kd7 73. Nd5 Bd3 74. Nf4 Ke7 75. g3 Bf1 76. Nd5+ Kf7 77. Ne3 Bd3 78. Ng2 Kg7 79. Nf4 Bf1 80. Ne6+ Kh6 81. Kf6 Bd3 82. Ng5 Bb1 83. Nf7+ Kh7 84. Ne5 Bd3 85. Nc6 Kh6 86. Ne7 Kh7 87. Nd5 Kh6 88. Nf4 Bc2 89. Ne6 Bd3 90. Ke5 Bc2 91. Kd4 Bd3 92. Kd5 Bf1 93. Ng5 Bd3 94. Nf3 Be2 95. Ne5 g5 96. Nf7+ Kg6 97. Nxg5 Kf5 98. Kd4 Kg4 99. Ne4 Bd3 100. Nf6+ Kxg3 101. Nxh5+ Kxh4 102. Nf4 Bf1 103. Ng6+ Kg5 104. Ne5 Kf6 105. Nxc4 Ke7 106. Ne5 Ba6 107. Kc5 Ke6 108. Nc6 Bf1 109. Nd4+ Kd7 110. Kd5 Bd3 111. Nf3 Bf1 112. Ne5+ Kc7 113. Kc5 Be2 114. Ng6 Bf1 115. Nf4 Kd7 116. Nd5 Be2 117. Nb6+ Kc7 118. Na4 Bf1 119. Nb2 Kb7 120. Kd4 Kc7 121. Nd3 Bxd3 122. Kxd3 Kd7 123. Ke4 Ke6 124. Kd4 Kd6 125. Kc4 Kc6 126. Kb4 Kb6 127. c4 Kc6 128. c5 Kc7 129. Kc4 Kc6 130. Kd4 Kc7 131. Kd5 Kd7 132. c6+ Kc7 133. Kc5 Kc8 134. Kd6 Kd8 135. c7+ Kc8 136. Kc6 1/2-1/2


[Site "https://www.chess.com"]

[Event "Titled Tuesday Blitz August 09 Early 2022"]
[White "Drygalov, Sergey"]
[Black "Samadov, Read"]
[WhiteFideId "24171743"]
[BlackFideId "13417444"]
[WhiteElo "2523"]
[BlackElo "2084"]
[Result "1-0"]
[Round "07"]
[TimeControl "180+1"]
[Date "2022.08.09"]
[WhiteClock "0:01:15"]
[BlackClock "0:00:05"]

1. d4 Nf6 2. c4 e6 3. Nf3 d5 4. Nc3 Bb4 5. Qa4+ Nc6 6. e3 O-O 7. Qc2 dxc4 8. Bxc4 Bd6 9. O-O a6 10. a3 e5 11. h3 exd4 12. exd4 b5 13. Ba2 Bb7 14. Rd1 Ne7 15. Ne5 Ned5 16. Bg5 Nxc3 17. bxc3 Be7 18. a4 Nd5 19. Bd2 Bd6 20. Re1 c5 21. Qf5 c4 22. Bb1 g6 23. Qg4 Nf6 24. Qh4 Nh5 25. Bg5 f6 26. Nxg6 hxg6 27. Bxg6 fxg5 28. Qxh5 Qd7 29. Re6 Bf4 30. Rae1 Rf7 31. Bxf7+ Qxf7 32. Rg6+ 1-0


[Site "https://www.chess.com"]

[Event "Titled Tuesday Blitz August 09 Early 2022"]
[White "Dushyant Sharma"]
[Black "Zamorano, Jorge"]
[WhiteFideId "25065130"]
[BlackFideId "173770"]
[WhiteElo "2133"]
[BlackElo "2331"]
[Result "1/2-1/2"]
[Round "07"]
[TimeControl "180+1"]
[Date "2022.08.09"]
[WhiteClock "0:00:40"]
[BlackClock "0:00:03"]

1. e4 c5 2. Nf3 d6 3. d4 cxd4 4. Nxd4 Nf6 5. Nc3 a6 6. f4 e5 7. Nf3 Nbd7 8. Bd3 Be7 9. O-O O-O 10. Kh1 b5 11. a3 Bb7 12. Qe1 Rc8 13. Bd2 exf4 14. Bxf4 Re8 15. Nd4 g6 16. Qf2 Ng4 17. Qg3 h5 18. Bxd6 Bxd6 19. Qxd6 Nc5 20. Qf4 Qxd4 21. Qxf7+ Kh8 22. Qxg6 Qe5 23. g3 Nxe4 24. Nxe4 Bxe4+ 25. Bxe4 Qxe4+ 26. Qxe4 Rxe4 27. Rf5 Re5 28. Raf1 Rxc2 29. Rxe5 Nxe5 30. Rf5 Nc4 31. Rxh5+ Kg7 32. b4 Nxa3 33. Rd5 Nc4 34. Rd7+ Kf6 35. Ra7 Ra2 36. h4 Ne3 37. h5 Kg5 38. Rh7 Nd5 39. h6 Nxb4 40. Rh8 Kg6 41. g4 Nd5 42. g5 b4 43. Rg8+ Kh7 44. Rg7+ Kh8 45. Rb7 Nf4 46. Rxb4 Ra1+ 47. Kh2 Ng6 48. Rb8+ Kh7 49. Rb7+ Kh8 50. Rg7 Ne5 51. Kg3 Ra4 52. Kh3 Rg4 53. Ra7 Rxg5 54. Rxa6 Nf7 55. Kh4 Rd5 56. Rb6 Kh7 57. Rb7 Kg6 58. h7 Rh5+ 59. Kg4 Rxh7 60. Kf4 Rh4+ 61. Kg3 Rc4 62. Kf3 Ne5+ 63. Ke3 Kf5 64. Rb8 Rc3+ 65. Ke2 Rh3 66. Kf2 Nd3+ 67. Kg2 Nf4+ 68. Kf2 Rd3 69. Kf1 Ke4 70. Ke1 Kf3 71. Rf8 Ke3 72. Re8+ Kd4 73. Rd8+ Nd5 74. Ke2 Rh3 75. Kd2 Rh2+ 76. Kd1 Kc4 77. Ke1 Nf4 78. Rf8 Nd3+ 79. Kd1 Kc3 80. Rc8+ Kd4 81. Rc4+ Ke3 82. Re4+ Kf3 83. Re3+ Kxe3 1/2-1/2


[Site "https://www.chess.com"]

[Event "Titled Tuesday Blitz August 09 Early 2022"]
[White "Eynullayev, Altay"]
[Black "Melaugh, Shane"]
[WhiteFideId "13413562"]
[BlackFideId "2509580"]
[WhiteElo "2079"]
[BlackElo "1946"]
[Result "1-0"]
[Round "07"]
[TimeControl "180+1"]
[Date "2022.08.09"]
[WhiteClock "0:01:44"]
[BlackClock "0:01:12"]

1. e4 c5 2. Nf3 Nc6 3. Bb5 g6 4. Bxc6 dxc6 5. d3 Bg7 6. h3 e5 7. Nc3 Nh6 8. Be3 b6 9. Qd2 Ng8 10. O-O Ne7 11. Nh2 O-O 12. f4 exf4 13. Bxf4 Be6 14. Bh6 c4 15. Bxg7 Kxg7 16. d4 b5 17. Rad1 f5 18. Nf3 b4 19. Ng5 Qd6 20. Ne2 fxe4 21. Nxe4 Qd5 22. Qxb4 Nf5 23. N2c3 Qd7 24. Nc5 Qf7 25. Nxe6+ Qxe6 26. Rfe1 Qf7 27. Qc5 Ne3 28. Qe5+ Qf6 29. Qxf6+ Rxf6 30. Rxe3 1-0


[Site "https://www.chess.com"]

[Event "Titled Tuesday Blitz August 09 Early 2022"]
[White "Ezov"]
[Black "Simonovic, Miroslav"]
[BlackFideId "919152"]
[WhiteElo "2255"]
[BlackElo "2043"]
[Result "1-0"]
[Round "07"]
[TimeControl "180+1"]
[Date "2022.08.09"]
[WhiteClock "0:00:11"]
[BlackClock "0:00:03"]

1. e4 c5 2. b4 b6 3. b5 Bb7 4. Nc3 e5 5. f4 d6 6. Nf3 Nd7 7. Bc4 h6 8. d3 g6 9. O-O Bg7 10. Qe1 Ne7 11. Rb1 O-O 12. Ne2 d5 13. exd5 Bxd5 14. fxe5 Bxf3 15. Rxf3 Nxe5 16. Rh3 Nxc4 17. dxc4 h5 18. Qh4 Nf5 19. Qe1 Re8 20. Qf1 Qe7 21. Nf4 Qe4 22. Nd5 Qxc2 23. Bg5 Re2 24. Rc1 Qxa2 25. Rf3 Bd4+ 26. Kh1 Rf2 27. Nf6+ Kh8 28. Rxf2 Qxf2 29. Qd3 Bxf6 30. Bxf6+ Kg8 31. Rf1 Qe3 32. Qd5 Re8 33. Ba1 Qe6 34. Qf3 Nd4 35. Qg3 Qe3 36. Qh4 Qe4 37. Qf6 Qe6 38. Qg5 Kg7 39. h3 1-0


[Site "https://www.chess.com"]

[Event "Titled Tuesday Blitz August 09 Early 2022"]
[White "Fajdetic, Hrvoje"]
[Black "Flynn, Jacob"]
[WhiteFideId "14501945"]
[BlackFideId "2509393"]
[WhiteElo "2172"]
[BlackElo "1920"]
[Result "1-0"]
[Round "07"]
[TimeControl "180+1"]
[Date "2022.08.09"]
[WhiteClock "0:00:13"]
[BlackClock "0:00:15"]

1. b3 d5 2. Bb2 Bg4 3. h3 Bh5 4. g4 Bg6 5. f4 e5 6. Bg2 exf4 7. Nf3 Nf6 8. O-O Bd6 9. c4 c6 10. Nc3 O-O 11. Nh4 Be4 12. cxd5 cxd5 13. d3 Bxg2 14. Nxg2 d4 15. Nb5 Nd5 16. Nxd4 Nd7 17. Nf5 Bc5+ 18. d4 Bb6 19. Nxf4 N7f6 20. Nxd5 Nxd5 21. e4 Nf6 22. Qf3 Rc8 23. Kh1 Rc2 24. Ba3 Re8 25. e5 Nd5 26. Nd6 Rf8 27. Qxd5 Rd2 28. Rxf7 Rxf7 29. Qxf7+ Kh8 30. Rf1 h6 31. Qf4 Rxd4 32. Qxd4 Bxd4 33. Nf7+ Kh7 34. Nxd8 Bxe5 35. Ne6 Bf6 36. Rxf6 gxf6 37. Kg2 Kg6 38. Kf3 f5 39. gxf5+ Kxf5 40. Nc5 b6 41. Nd7 b5 42. Bc5 a5 43. a3 Ke6 44. Nf8+ Kd5 45. b4 axb4 46. axb4 Ke5 47. Kg4 Kf6 48. Kh5 Kg7 49. Ne6+ Kf6 50. Nc7 Ke5 51. Nxb5 Kd5 52. Nc3+ Kc6 53. Kxh6 Kb7 54. Kg6 Kc6 55. h4 Kb7 56. h5 Kc6 57. h6 Kb7 58. h7 Kc6 59. h8=Q Kb7 60. Qh5 Ka6 61. Bd4 Kb7 62. Qb5+ Ka8 63. Bh8 Ka7 64. Kf6 Ka8 65. Ke6 Ka7 66. Kd6 Ka8 67. Kc7 Ka7 1-0


[Site "https://www.chess.com"]